 Dungeon Crawl Stone Soup version 0.28-a0-706-gf6f64a616a (webtiles) character file.

Game seed: 14322235247703633829

959 KoroneIsBestGirl the Chiller (level 8, -11/52 HPs)
             Began as a Barachi Ice Elementalist on Oct 24, 2021.
             Was an Initiate of the Shining One.
             Mangled by Menkaure (17 damage)
             ... on level 6 of the Dungeon.
             The game lasted 00:07:56 (6323 turns).

KoroneIsBestGirl the Chiller (BaIE)                 Turns: 6323, Time: 00:07:57

Health: -11/52     AC:  4    Str: 11    XL:     8   Next: 14%
Magic:  15/15      EV: 13    Int: 17    God:    the Shining One [......]
Gold:   309        SH:  0    Dex: 12    Spells: 13/17 levels left

rFire   . . .      SeeInvis .   o - +2 dagger (protect)
rCold   + . .      Faith    .   (no shield)
rNeg    . . .      Spirit   .   a - +0 robe
rPois   .          Reflect  .   k - +0 helmet
rElec   .          Harm     .   (no cloak)
rCorr   .          Rampage  .   q - +0 pair of gloves
Will    .....                   (no boots)
Stlth   +.........              f - amulet of magic regeneration
HPRegen 0.17/turn               p - ring of protection from cold
MPRegen 0.39/turn               (no ring)

@: weak-willed, unable to hop, glowing, slow
A: amphibious, slowness 1, strong legs 1, +LOS
a: Hop, Renounce Religion


You were on level 6 of the Dungeon.
You worshipped the Shining One.
The Shining One was noncommittal.
You visited 1 branch of the dungeon, and saw 6 of its levels.

You collected 309 gold pieces.

Inventory:

Hand Weapons
 o - a +2 dagger of protection (weapon)
Armour
 a - a +0 robe (worn)
 j - a +0 kite shield
 k - a +0 helmet (worn)
 q - a +0 pair of gloves (worn)
Jewellery
 f - an amulet of magic regeneration (around neck)
 p - a ring of protection from cold (left hand)
 x - a ring of protection from fire
 A - a ring of positive energy
Wands
 w - a wand of mindburst (18)
Scrolls
 b - a scroll of fog {unknown}
 e - 4 scrolls of identify {unknown}
 g - a scroll of vulnerability
 n - a scroll of magic mapping
 s - a scroll of noise {unknown}
 u - 2 scrolls of teleportation {unknown}
 v - a scroll of torment {unknown}
 y - a scroll of holy word {unknown}
 B - a scroll of immolation {unknown}
 C - a scroll of amnesia {unknown}
Potions
 c - 3 potions of degeneration {unknown}
 d - 2 potions of curing {unknown}
 i - 3 potions of might {unknown}
 l - 3 potions of haste {unknown}
 m - a potion of attraction {unknown}
 r - 3 potions of brilliance {unknown}
 t - a potion of flight {unknown}
 z - a potion of magic {unknown}


   Skills:
 + Level 5.4 Dodging
 - Level 1.7 Stealth
 + Level 4.4 Shields
 + Level 5.0 Spellcasting
 + Level 7.4 Ice Magic


You had 13 spell levels left.
You knew the following spells:

 Your Spells              Type           Power      Damage    Failure   Level
a - Freeze                Ice            100%       1d11      1%          1
b - Frozen Ramparts       Ice            58%        1d7       1%          3

Your spell library contained the following spells:

 Spells                   Type           Power      Damage    Failure   Level
 Ozocubu's Armour         Ice            29%        N/A       1%          3
 Apportation              Tloc           8%         N/A       14%         1
 Sublimation of Blood     Necr           2%         N/A       22%         2
 Wereblood                Tmut           4%         N/A       22%         2
 Hailstorm                Conj/Ice       16%        3d6       30%         4
 Alistair's Intoxication  Tmut/Pois      2%         N/A       98%         5
 Invisibility             Hex            2%         N/A       100%        6
 Summon Hydra             Summ           2%         N/A       100%        7


Dungeon Overview and Level Annotations

Branches:
Dungeon (6/15)
 Temple: D:4-7

Altars:
Ru
Xom
The Shining One

Shops:
D:5 !

Annotations:
D:6 Blork the orc, Menkaure


Innate Abilities, Weirdness & Mutations

You are amphibious.
You cover ground slowly.
You can hop short distances.
You have an extended range of vision and can be seen from far away.


Message History

Found a scroll labelled REIKHL SIUPINKE and a robe.
You freeze Menkaure.
Menkaure resists.
Menkaure is lightly damaged.
Menkaure barely misses you.
You freeze Menkaure but do no damage.
Menkaure completely resists.
Menkaure barely misses you. Menkaure hits you!
You are too injured to fight recklessly!
You are too injured to fight recklessly!
You are too injured to fight recklessly!
You are too injured to fight recklessly!
You hit Menkaure.
Your weapon exudes an aura of protection.
Menkaure is lightly damaged.
Menkaure closely misses you.
You hit Menkaure but do no damage.
Menkaure is lightly damaged.
Menkaure hits you!
* * * LOW HITPOINT WARNING * * *
You hit Menkaure.
Menkaure is lightly damaged.
Menkaure calls on the powers of darkness!
Your body is wracked with pain!
* * * LOW HITPOINT WARNING * * *
Hop to where?
Press: ? - help, Dir - move target, p - Menkaure Blork the orc comes into view.
He is wielding a +0 glaive.
Found a robe.
Boing!
Blork the orc shouts!
Blork the orc gestures wildly while chanting.
Blork the orc seems to speed up.
As you read the scroll labelled ROTU ILIEHEUTH, it crumbles to dust.
You assume a fearsome visage.
Menkaure is unaffected.
Blork the orc looks frightened!
It was a scroll of fear.
As you read the scroll labelled JUYRIFAOCS, it crumbles to dust.
Magic quickly surges around you.
It was a scroll of vulnerability.
Menkaure barely misses you.
As you read the scroll labelled REIKHL SIUPINKE, it crumbles to dust.
You feel aware of your surroundings.
You sensed 1 altar.
It was a scroll of magic mapping.
Menkaure hits you!
You die...

********##,** *....***
,,,,,,,,...,* ### *......#
,,,,,,,,,.[##* ##.### **.....*
,,,,,,,,,,...###....### *#...,*
,,,,,,,,,**..[........####..#**
,,,,,,,,,***#?..........##..##
,,***,,,,* ##............#...#
*** **,,,* #.....M>..........#
## ******,,,*
#....@............###.
*,,,,,,,,*
#.....................
*,,,,,,,,*
#.....).........##..##
*,,,,,,,,*
##.............####.#
,,,,,,,,,** #.............# #.#
,,,,,,,,,,**#............## #.#
,,,,,,,,,,**............## #.#
,,,,,,,,,,,............## #.#
,,,,,,,,,,....##......## #.#


You could see Menkaure (fast, weak-willed).

Vanquished Creatures
  Sigmund (D:2)
  A necrophage (D:5)
  An ogre (D:3)
  A water moccasin skeleton (D:4)
  A bullfrog zombie (D:6)
  2 bullfrog skeletons
  An orc priest (D:4)
  A jelly (D:6)
  A centaur skeleton (D:4)
  5 iguanas
  Natasha (thrice) (D:4 D:3)
  A hound zombie (D:5)
  A howler monkey zombie (D:5)
  7 adders
  A white imp (D:5)
  2 ufetubi
  4 worms
  2 dart slugs
  4 orcs (D:4)
  5 ball pythons
  5 endoplasms
  4 giant cockroaches
  6 goblins
  7 hobgoblins
  8 jackals
  4 kobolds
  8 quokkas
  5 bats
  3 frilled lizards
  4 rats
99 creatures vanquished.

Notes
Turn   | Place    | Note
-------+----------+-------------------------------------------
     0 | D:1      | KoroneIsBestGirl the Barachi Ice Elementalist began the
                  | quest for the Orb.
     0 | D:1      | Reached XP level 1. HP: 13/13 MP: 3/3
   427 | D:1      | Reached skill level 5 in Ice Magic
   466 | D:1      | Reached XP level 2. HP: 19/19 MP: 3/5
  1055 | D:1      | Found a faded altar of an unknown god.
  1108 | D:1      | Reached XP level 3. HP: 24/24 MP: 2/7
  1130 | D:1      | Learned a level 3 spell: Frozen Ramparts
  1893 | D:2      | Noticed Sigmund
  1900 | D:2      | Killed Sigmund
  1901 | D:2      | Reached XP level 4. HP: 23/30 MP: 2/9
  1901 | D:2      | Reached XP level 5. HP: 27/35 MP: 2/10
  1992 | D:2      | Reached skill level 6 in Ice Magic
  2950 | D:3      | Reached XP level 6. HP: 31/41 MP: 6/11
  3312 | D:4      | Noticed Natasha
  3318 | D:4      | Killed Natasha
  3318 | D:4      | Noticed Natasha
  3355 | D:3      | Killed Natasha
  3404 | D:3      | Noticed Natasha
  3448 | D:3      | Killed Natasha
  3661 | D:4      | Reached XP level 7. HP: 40/46 MP: 13/13
  3767 | D:5      | Entered Level 5 of the Dungeon
  4056 | D:4      | Found a shimmering altar of Xom.
  4688 | D:5      | Reached skill level 5 in Dodging
  4688 | D:5      | Reached skill level 7 in Ice Magic
  4948 | D:5      | Found a glowing golden altar of the Shining One.
  4955 | D:5      | Became a worshipper of the Shining One
  5111 | D:5      | Found Ipal's Distillery.
  5130 | D:5      | Found a sacrificial altar of Ru.
  5603 | D:5      | Reached XP level 8. HP: 49/52 MP: 12/15
  6071 | D:6      | Reached skill level 5 in Spellcasting
  6310 | D:6      | Noticed Menkaure
  6320 | D:6      | Noticed Blork the orc
  6323 | D:6      | Mangled by Menkaure

Illustrated notes

Levels and vault maps discovered:
D:1:      eino_arrival_water_cross, layout_basic,
          shapermc_ecumenical_altar_hornbeckon, roderic_st_hans_cross,
          nrook_loot_triangle
D:2:      layout_loops_cross, hangedman_abyss_or_decor_lesser_grid, uniq_sigmund
D:3:      layout_basic, minmay_cupped
D:4:      layout_cave_pools, mainiacjoe_overflow_small_starburst,
          gup_sewer_entry_bubbles, uniq_natasha
D:5:      layout_basic, nicolae_ru_sacrificial_ziggurat,
          nicolae_tso_swordbearing_angel, serial_shops,
          nicolae_shop_behind_doors, eino_tiny_chamber
D:6:      layout_cave_pods, grunt_qazlal_clouds, uniq_grinder, uniq_menkaure,
          uniq_blork_the_orc, uniq_pikel

Skill      XL: |  1  2  3  4  5  6  7  8 |
---------------+-------------------------+-----
Ice Magic      | 5 6 7 |  7.4
Dodging        | 3 4 5 |  5.4
Shields        | 2 3 4 |  4.4
Spellcasting   | 3 4 5 |  5.0
Stealth        | |  1.7

Action                   |  1- 3 |  4- 6 |  7- 9 || total
-------------------------+-------+-------+-------++-------
Melee: Unarmed           |     1 |       |       ||     1
       Dagger            |    38 |    24 |   113 ||   175
 Cast: Freeze            |    38 |    47 |    60 ||   145
       Frozen Ramparts   |     1 |     2 |     4 ||     7
 Abil: Hop               |       |     2 |     2 ||     4
  Use: Scroll            |       |       |     3 ||     3
 Stab: Sleeping          |       |     1 |     2 ||     3
Armor: Robe              |    25 |    21 |    52 ||    98
Dodge: Dodged            |    50 |    58 |   121 ||   229

Table legend: (Time is in decaauts)
 A = Elapsed time spent in this place.
 B = Non-inter-level travel time spent in this place.
 C = Inter-level travel time spent in this place.
 D = Time resting spent in this place.
 E = Time spent auto-exploring this place.
 F = Levels seen in this place.
 G = Mean time per level.
                   A        B        C        D        E       F      G
               +--------+--------+--------+--------+--------+-----+--------+
         Total |   6998 |   6531 |    467 |    750 |   4911 |   6 | 1166.3 |
       Dungeon |   6998 |   6531 |    467 |    750 |   4911 |   6 | 1166.3 |
               +--------+--------+--------+--------+--------+-----+--------+

Top non-repeatable levels by time:
     D:5: 1647 daAuts
     D:2: 1549 daAuts
     D:1: 1265 daAuts
     D:3: 1184 daAuts
     D:4: 818 daAuts
     D:6: 533 daAuts
